 Dungeon Crawl Stone Soup version 0.29.1-13-g9f3cf754e1 (webtiles) character file.

Game seed: 8783616329252783088

84 leafyfresh the Ducker (level 4, 0/31 HPs)
             Began as a Djinni Air Elementalist on Jan 19, 2023.
             Killed by their own static electricity (3 damage)
             ... on level 3 of the Dungeon.
             The game lasted 00:03:41 (4866 turns).

leafyfresh the Ducker (Djinni Air Elementalist)     Turns: 4866, Time: 00:03:42

Health: 0/31       AC:  2    Str:  7    XL:     4   Next: 74%
Gold:   127        EV: 14    Int: 18    God:
                   SH:  0    Dex: 20

rFire   + + .      SeeInvis .   h - +0 club
rCold   x . .      Faith    .   (no shield)
rNeg    . . .      Spirit   .   a - +0 robe
rPois   ∞          Reflect  .   (no helmet)
rElec   .          Harm     .   (no cloak)
rCorr   .          Rampage  .   (no gloves)
Will    .....                   (boots unavailable)
Stlth   ++........              (no amulet)
HPRegen 0.10/turn               m - +6 ring of dexterity
MPRegen 0.00/turn               (no ring)

@: flying
A: sickness immunity, fire resistance 2, cold vulnerability 1, float, innate
caster, HP casting, extra vitality 1
a: no special abilities


You were on level 3 of the Dungeon.
You visited 1 branch of the dungeon, and saw 3 of its levels.

You collected 127 gold pieces.

Inventory:

Hand Weapons
 h - a +0 club (weapon)
Armour
 a - a +0 robe (worn)
 c - a +2 buckler
Jewellery
 m - a +6 ring of dexterity (left hand)
Scrolls
 b - 2 scrolls of fear {unknown}
 e - a scroll of vulnerability {unknown}
 f - 3 scrolls of identify {unknown}
 g - 2 scrolls of poison {unknown}
 l - a scroll of summoning {unknown}
 n - a scroll of amnesia {unknown}
 o - a scroll of immolation {unknown}
Potions
 d - a potion of invisibility {unknown}
 i - a potion of mutation {unknown}
 j - 2 potions of brilliance {unknown}
 k - a potion of degeneration {unknown}
 p - a potion of lignification {unknown}


   Skills:
 + Level 3.8 Dodging
 - Level 1.5 Stealth
 + Level 3.3 Spellcasting


You couldn't memorise any spells.
You knew the following spells:

 Your Spells              Type           Power      Damage    Failure   Level
a - Shock                 Conj/Air       56%        1d6       4%          1
b - Static Discharge      Conj/Air       14%        3-5/arc   6%          2
c - Swiftness             Air            14%        N/A       12%         3
d - Airstrike             Air            7%         2d(1-17)  38%         4
e - Necrotise             Necr           56%        1d6       4%          1
Your spell library was empty.

Dungeon Overview and Level Annotations

Branches:
Dungeon (3/15)

Altars:
Gozag
Hepliaklqana


Innate Abilities, Weirdness & Mutations

You are immune to sickness and miasma.
You are immune to poison.
Your flesh is very heat resistant. (rF++)
You are vulnerable to cold. (rC-)
You float through the air rather than walking.
You learn spells naturally, not from books.
Your magical power is your life essence.
You have superior vitality. (+4 MHP)


Message History

Casting: Static Discharge (safe; 6% risk of failure)
Confirm with . or Enter, or press ? or * to list all spells.
The endoplasm is struck by an arc of lightning.
The endoplasm quivers.
The endoplasm is severely wounded.
You are struck by an arc of lightning.
The endoplasm is struck by an arc of lightning.
You kill the endoplasm!
The lightning grounds out.
Casting: Static Discharge (safe; 6% risk of failure)
Confirm with . or Enter, or press ? or * to list all spells.
You can't see any susceptible monsters within range! (Use Z to cast anyway.) Key pressed, stopping explore.
No target in view!
A worm comes into view.
Found a robe.
A worm is nearby!
A worm is nearby!
A worm is nearby!
A worm is nearby!
Casting: Static Discharge (safe; 6% risk of failure)
Confirm with . or Enter, or press ? or * to list all spells.
The worm is struck by an arc of lightning!
The worm is moderately wounded.
You are struck by an arc of lightning.
The lightning grounds out.
The worm bites you!
Unknown command.
Casting: Static Discharge (safe; 6% risk of failure)
Confirm with . or Enter, or press ? or * to list all spells.
The worm is struck by an arc of lightning!
The worm is severely wounded.
You are struck by an arc of lightning.
The lightning grounds out.
The worm bites you!
* * * LOW HITPOINT WARNING * * *
Casting: Static Discharge (safe; 6% risk of failure)
Confirm with . or Enter, or press ? or * to list all spells.
The worm is struck by an arc of lightning.
The worm is almost dead.
You are struck by an arc of lightning.
You die...

#. ### #. #.. #. #..
#.##### #..
###...#.### ####..
.[........ .....
#.w##.#^# ##...
#@##.#.##### #....
###....#..#... ..#..
#...........# #..
#...##.#....### ##.
#..##..#.!..####### #.
#.....##............#.
###...#....##..####
#... #..........##..##
###.
#...........##..### #.


You could see a worm.

Vanquished Creatures
  3 adders
  A worm (D:3)
  A dart slug (D:3)
  4 orcs (D:3)
  4 ball pythons
  9 endoplasms
  2 giant cockroaches
  5 goblins
  2 hobgoblins
  4 quokkas (D:1)
  A bat (D:3)
  2 frilled lizards
  5 kobolds
  3 rats
46 creatures vanquished.

Vanquished Creatures (others)
  A fungus (D:1)
  11 plants (D:3)
12 creatures vanquished.

Grand Total: 58 creatures vanquished

Notes
Turn   | Place    | Note
-------+----------+-------------------------------------------
     0 | D:1      | leafyfresh the Djinni Air Elementalist began the quest for
                  | the Orb.
     0 | D:1      | leafyfresh set off with the following spells memorised:
                  | Shock, Static Discharge, Swiftness, Airstrike.
     0 | D:1      | Reached XP level 1. HP: 15/15 MP: 0/0
   725 | D:1      | Reached XP level 2. HP: 14/21 MP: 0/0
   826 | D:1      | You are sucked into a shaft and drop 1 floor!
   918 | D:1      | Found a faded altar of an unknown god.
  2045 | D:2      | Reached XP level 3. HP: 17/25 MP: 0/0
  2045 | D:2      | Learned a level 1 spell: Necrotise
  2979 | D:3      | Found a hazy altar of Hepliaklqana.
  3525 | D:3      | Reached XP level 4. HP: 13/31 MP: 0/0
  4202 | D:3      | Found an opulent altar of Gozag.
  4866 | D:3      | Killed from afar by themself

Illustrated notes

Levels and vault maps discovered:
D:1:      mrwooster_arrival_statue_3, layout_loops_ring,
          shapermc_ecumenical_altar_gd
D:2:      layout_basic, minmay_misc_feat_iff
D:3:      layout_rooms, nicolae_hepliaklqana_hazy_memory,
          mainiacjoe_overflow_six_doors_small, minmay_shallow_snake_nest

Skill      XL: |  1  2  3 |
---------------+----------+-----
Dodging        | 3 |  3.8
Spellcasting   | 3 |  3.3
Stealth        | |  1.5

Action                   |  1- 3 |  4- 6 || total
-------------------------+-------+-------++-------
Melee: Unarmed           |    13 |       ||    13
       Club              |    24 |     5 ||    29
       Punch             |     1 |       ||     1
 Cast: Shock             |    16 |       ||    16
       Static Discharge  |    22 |    18 ||    40
 Stab: Sleeping          |     3 |       ||     3
Armor: Robe              |    10 |     1 ||    11
Dodge: Dodged            |    37 |    11 ||    48
